 Dungeon Crawl Stone Soup version 0.20-a0-1015-g2ec8a95 (webtiles) character file.

76 Gorglomux the Skirmisher (level 4, -3/35 HPs)
             Began as a Human Wanderer on Apr 15, 2017.
             Asphyxiated
             ... on level 3 of the Dungeon.
             The game lasted 00:05:01 (2173 turns).

Gorglomux the Skirmisher (Human Wanderer)           Turns: 2173, Time: 00:05:03

Health: -3/35      AC:  6    Str: 12    XL:     4   Next: 57%
Magic:  8/8        EV: 11    Int: 14    God:
Gold:   122        SH:  0    Dex: 12    Spells: 9/9 levels left

rFire    . . .     SeeInvis .   a - +2 spear
rCold    . . .     Gourm    .   (no shield)
rNeg     . . .     Faith    .   l - +0 ring mail
rPois    .         Spirit   .   (no helmet)
rElec    .         Reflect  .   (no cloak)
rCorr    .         Harm     .   u - +0 pair of gloves
MR       .....                  (no boots)
Stlth    +.........             (no amulet)
Regen    0.2/turn               (no ring)
MPRegen  0.2/turn               (no ring)

@: lethally poisoned (-3 -> -10)
A: no striking features
a: no special abilities


You were on level 3 of the Dungeon.
You were not hungry.

You visited 1 branch of the dungeon, and saw 3 of its levels.

You collected 122 gold pieces.

Inventory:

Hand Weapons
 a - a +2 spear (weapon)
Missiles
 m - 63 arrows
 v - 4 javelins (quivered)
Armour
 l - a +0 ring mail (worn)
 u - a +0 pair of gloves (worn)
 w - a +0 chain mail
Wands
 y - a wand of flame (8/48)
Scrolls
 e - a scroll of fear {unknown}
 f - a scroll of immolation {unknown}
 h - 3 scrolls of identify {unknown}
 j - a scroll of fog {unknown}
 p - a scroll of enchant weapon {unknown}
 r - a scroll of noise {unknown}
Potions
 g - a potion of cancellation {unknown}
 n - a potion of haste {unknown}
 o - a potion of heal wounds {unknown}
 s - a potion of flight {unknown}
 t - a potion of curing {unknown}
Books
 b - the Tome of Shape Shifting

   Spells                             Type                      Level
   a - Passwall                       Transmutation/Earth          2
   b - Sticks to Snakes               Transmutation                2
Comestibles
 d - 5 bread rations
 z - 4 chunks of flesh
 A - 6 fruits


   Skills:
 + Level 3.1 Fighting
 + Level 1.7 Armour
 + Level 2.4 Dodging
 - Level 1.0 Stealth
   Level 1.0 Shields
 - Level 3.0 Spellcasting
   Level 2.0 Charms


You had 9 spell levels left.
You didn't know any spells.

Dungeon Overview and Level Annotations

Branches:
Dungeon (3/15)

Altars:
Fedhas


Message History

You reach to attack!
You barely miss the kobold.
The kobold is moderately wounded.
The jackal bites you.
* * * LOW HITPOINT WARNING * * *
The jackal bites you but does no damage.
You completely miss the jackal.
The jackal is almost dead.
The jackal barely misses you. The jackal bites you.
* * * LOW HITPOINT WARNING * * *
Unknown command.
You closely miss the jackal.
The jackal is almost dead.
The jackal barely misses you.
You hit the jackal.
You kill the jackal!
The kobold shoots a curare-tipped needle.
The curare-tipped needle hits you.
You are lethally poisoned!
You have difficulty breathing.
You die...

.....# ♣♣.....♣ .....#
♣♣....... .....#
♣...._... ##.....#
♣♣........ #†.....#
♣......... #(##
♣.♣....[.. #.K#
♣♣♣♣♣...♣♣ ##†# ###
♣♣...♣♣
#####@###.#♣♣♣♣♣.....♣
#....)..........#..###
#.................##
#...[...........###
..........###+####
#..........# #.#
#..........# #.#
#.....)....# #.#
..........###.#


You could see a kobold.

Vanquished Creatures
  Ijyb (D:3)
  A worm (D:2)
  A leopard gecko (D:2)
  An orc (D:3)
  4 giant cockroaches
  6 goblins
  7 hobgoblins
  3 jackals (D:3)
  A ball python (D:1)
  9 bats
  3 frilled lizards
  2 kobolds (D:2)
  2 rats (D:2)
41 creatures vanquished.

Notes
Turn   | Place    | Note
-------+----------+-------------------------------------------
     0 | D:1      | Gorglomux the Human Wanderer began the quest for the Orb.
     0 | D:1      | Gorglomux set off with: a +2 spear, the Tome of Shape Shifting, a +0 robe, a bread ration
     0 | D:1      | Reached XP level 1. HP: 16/16 MP: 4/4
     0 | D:1      | Identified the Tome of Shape Shifting
   312 | D:1      | Reached XP level 2. HP: 22/22 MP: 6/6
   871 | D:2      | Reached skill level 1 in Armour
   876 | D:2      | Reached XP level 3. HP: 28/28 MP: 7/7
  1469 | D:3      | Noticed Ijyb
  1831 | D:3      | Killed Ijyb
  1831 | D:3      | Reached skill level 3 in Fighting
  1831 | D:3      | Reached XP level 4. HP: 7/35 MP: 8/8
  2103 | D:3      | Found a blossoming altar of Fedhas.
  2173 | D:3      | Asphyxiated

Vault maps used:
D:1:      dpeg_arrival_round_a, st_stairs_8
D:2:      serial_bayou_ford_a
D:3:      kennysheep_goblin_castle, grunt_temple_overflow_growth_and_decay,
          lemuel_crystal_altar, first_bread, fedhas_altar_fruit_tree,
          uniq_crazy_yiuf_cottage, uniq_iyjb, uniq_jessica

Skill      XL: |  1  2  3 |
---------------+----------+-----
Armour         | 1 |  1.7
Dodging        | 2 |  2.4
Fighting       | 3 |  3.1
Stealth        | |  1.0
Shields        | |  1.0
Spellcasting   | |  3.0
Charms         | |  2.0

Action                   |  1- 3 |  4- 6 || total
-------------------------+-------+-------++-------
Melee: Spear             |   140 |    34 ||   174
  Eat: Chunk             |     3 |     1 ||     4
Armor: Robe              |     4 |       ||     4
       Leather armour    |    24 |       ||    24
       Chain mail        |    12 |       ||    12
       Ring mail         |     7 |    18 ||    25
Dodge: Dodged            |    68 |    27 ||    95
